 Dungeon Crawl Stone Soup version 0.28-a0-796-gd4f0d3f9b2 (webtiles) character file.

Game seed: 8560578049145546741

6668 Conn the Firebug (level 11, 0/66 HPs)
             Began as an Octopode Fire Elementalist on Nov 6, 2021.
             Slain by a vampire (6 damage)
             ... on level 9 of the Dungeon.
             The game lasted 00:33:23 (11499 turns).

Conn the Firebug (Octopode Fire Elementalist)      Turns: 11499, Time: 00:33:24

Health: 0/66       AC:  1    Str:  9    XL:     11   Next: 3%
Magic:  15/22      EV: 18    Int: 20    God:
Gold:   539        SH:  0    Dex: 12    Spells: 6/24 levels left

rFire   . . .      SeeInvis .   G - +2 dagger (elec)
rCold   + . .      Faith    .   (no shield)
rNeg    . . .      Spirit   .   (helmet restricted)
rPois   .          Reflect  .   j - amulet of magic regeneration
rElec   .          Harm     .   k - +4 ring of evasion
rCorr   .          Rampage  .   v - ring of protection from cold
Will    .....                   (no ring)
Stlth   ++++......              (no ring)
HPRegen 0.21/turn               (no ring)
MPRegen 0.43/turn               (no ring)
                                (no ring)
                                (no ring)

@: about to teleport
A: almost no armour, amphibious, 8 rings, camouflage 1, gelatinous body 1,
(nimble swimmer 1), tentacles
a: no special abilities


You were on level 9 of the Dungeon.
You visited 2 branches of the dungeon, and saw 10 of its levels.
You also visited: Ossuary.

You collected 539 gold pieces.

Inventory:

Hand Weapons
 a - a +0 short sword
 E - a +1 dagger of chaos
 G - a +2 dagger of electrocution (weapon)
Missiles
 f - 18 poisoned darts
 t - 2 throwing nets
Jewellery
 j - an amulet of magic regeneration (around mantle)
 k - a +4 ring of evasion (left tentacle)
 v - a ring of protection from cold (right tentacle)
 w - an amulet of guardian spirit
 F - an amulet of the acrobat
Wands
 u - a wand of mindburst (11)
 x - a wand of paralysis (11)
 A - a wand of flame (36)
 B - a wand of iceblast (14)
 C - a wand of acid (9)
Scrolls
 b - 2 scrolls of immolation
 c - 6 scrolls of teleportation
 g - 3 scrolls of blinking {unknown}
 h - 4 scrolls of vulnerability {unknown}
 i - 4 scrolls of enchant weapon {unknown}
 m - a scroll of torment {unknown}
 n - 2 scrolls of fog {unknown}
 o - 2 scrolls of silence {unknown}
 p - 2 scrolls of amnesia {unknown}
 y - a scroll of noise {unknown}
 z - 2 scrolls of identify
Potions
 d - 3 potions of flight {unknown}
 e - 2 potions of haste
 l - 6 potions of curing
 q - 2 potions of heal wounds
 r - a potion of invisibility
 s - 2 potions of might
 D - a potion of degeneration {unknown}


   Skills:
 + Level 2.7 Fighting
 + Level 4.8 Short Blades
 + Level 4.6 Dodging
 + Level 7.6 Stealth
 + Level 7.4 Spellcasting
 + Level 5.7 Conjurations
 + Level 1.9 Hexes
 + Level 4.1 Summonings
 + Level 4.7 Translocations
 + Level 7.8 Fire Magic


You had 6 spell levels left.
You knew the following spells:

 Your Spells              Type           Power      Damage    Failure   Level
a - Foxfire               Conj/Fire      100%       2x1d9     1%          1
b - Conjure Flame         Conj/Fire      34%        6-21      1%          3
c - Inner Flame           Hex/Fire       27%        N/A       3%          3
d - Flame Wave            Conj/Fire      34%        3d7       5%          4
e - Scorch                Fire           76%        2d9       1%          2
f - Blink                 Tloc           52%        N/A       1%          2
g - Summon Guardian Gole  Hex/Summ       19%        N/A       8%          3

Your spell library contained the following spells:

 Spells                   Type           Power      Damage    Failure   Level
 Summon Small Mammal      Summ           92%        N/A       1%          1
 Call Canine Familiar     Summ           23%        N/A       4%          3
 Lesser Beckoning         Tloc           26%        N/A       4%          3
 Beastly Appendage        Tmut           14%        N/A       9%          1
 Ensorcelled Hibernation  Hex/Ice        22%        N/A       10%         2
 Wereblood                Tmut           7%         N/A       14%         2
 Spider Form              Tmut/Pois      7%         N/A       26%         3
 Manifold Assault         Tloc           26%        N/A       36%         5
 Freezing Cloud           Conj/Ice/Air   7%         6-21      75%         5
 Simulacrum               Ice/Necr       3%         N/A       100%        6
 Orb of Destruction       Conj           15%        9d7       100%        7
 Spellforged Servitor     Conj/Summ      13%        N/A       100%        7
 Polar Vortex             Ice            3%         N/A       100%        9


Dungeon Overview and Level Annotations

Branches:
Dungeon (9/15)             Temple (1/1) D:6         Ossuary (visited)
   Lair: D:8-11         Orc: D:9-12

Altars:
Ashenzari
Dithmenos
Elyvilon
Fedhas
Gozag
Hepliaklqana
Kikubaaqudgha
Nemelex Xobeh
Qazlal
Ru
Trog
Uskayaw
Vehumet
Xom
Yredelemnul
Zin
The Shining One

Shops:
D:5 =   D:6 [=[(((   D:7 =


Innate Abilities, Weirdness & Mutations

You cannot wear most types of armour.
You are amphibious.
You can wear up to eight rings at the same time.
Your skin changes colour to match your surroundings (Stealth+).
Your rubbery body absorbs attacks. (AC +1, EV +1)
((You are camouflaged near water. (Stealth+)))
You have tentacles for arms and can constrict up to eight enemies at once.


Message History

A wave of flame ripples out!
The flame wave engulfs the wyvern.
The wyvern is moderately wounded. (Press . to intensify the flame waves.)
You hear a shout! x2
The wyvern bites you! The wyvern barely misses you.
A wave of flame ripples out!
The flame wave engulfs the wyvern!
The wyvern is heavily wounded.
The flame wave engulfs something!
You hear a roar!
The wyvern bites you!
* * * LOW HITPOINT WARNING * * *
You hear a shout!
You feel much better. The wyvern misses you. The wyvern completely misses you.
Casting: Flame Wave (dangerous; 5% risk of failure)
Confirm with . or Enter, or press ? or * to list all spells.
A guardian golem appears, shielding your allies.
The wyvern bites you.
You swap places.
The wyvern bites your guardian golem! x2
Your guardian golem overheats!
Okay, then.
Okay, then.
Okay, then.
Okay, then.
Casting: Summon Guardian Golem (dangerous; 8% risk of failure)
Confirm with . or Enter, or press ? or * to list all spells.
You blink.
An eight-headed hydra comes into view.
A rakshasa comes into view. It is wielding a +0 trident.
Unknown command.
As you read the scroll labelled HEUKHU JAYRA, it crumbles to dust.
You feel strangely unstable.
It was a scroll of teleportation.
The wyvern bites you!
* * * LOW HITPOINT WARNING * * *
The rakshasa blinks!
The wyvern bites you but does no damage.
You feel stable enough to blink again. Something hits you!
* * * LOW HITPOINT WARNING * * *
Something bites you.
You die...

#........# #§# .#.#.#.##(#
######...# #.# #.#.#.#.##.#
#...#####.#########)#####.#
#...#..#..#.#.#PP.†.♣.PP#.#
#...##.#.D#...#P..)....P#.#
#...#...[.#...#....)..P♣#.#
#...###.9...###P♣♣.P♣...#.#
#...#...l.........P⌠P...#.#
##..######@.###P...P.PP.#.#
#..#.........#♣P..P♣...#.#
#..##....#..##.....)..P#.#
#..#..#..#...#P....♣♣P.#.#
#..#####################.#
#........................#
#.......................##
#########################


You could see an eight-headed hydra, a wyvern (ally target) and a friendly
guardian golem (summoned, inner flame).

Vanquished Creatures
  Pikel (D:5)
  Psyche (D:8)
  Prince Ribbit (D:8)
  A hornet (D:8)
  6 yaks (D:8)
  2 steam dragons
  A wraith (D:7)
  Menkaure (D:4)
  Edmund (D:5)
  2 water moccasins
  2 acid dragons (D:9)
  An ice beast (D:6)
  A hornet zombie (D:7)
  A sky beast (D:7)
  5 ogres
  3 necrophages
  5 centaurs
  A phantom (D:5)
  A lemure (D:5)
  2 elf zombies (Ossuary)
  5 bullfrogs
  A water moccasin skeleton (D:6)
  A wight (D:9)
  3 centaur zombies
  A human zombie (Ossuary)
  A jelly (D:5)
  Crazy Yiuf (D:5)
  8 hounds
  A gnoll shaman (D:5)
  6 orc priests
  A bullfrog skeleton (D:5)
  3 iguanas
  7 orc wizards
  3 killer bee zombies
  2 hound skeletons (D:5)
  2 mummies (Ossuary)
  Robin (D:2)
  8 adders
  8 gnolls
  A white imp (D:6)
  An ufetubus (D:4)
  2 adder zombies (Ossuary)
  An adder skeleton (D:5)
  4 worms
  3 dart slugs
  30 orcs
  5 ball pythons
  5 endoplasms
  A giant cockroach (D:3)
  16 goblins
  8 hobgoblins
  6 kobolds
  5 quokkas
  8 bats
  6 frilled lizards
  2 goblin zombies (D:5)
  10 hobgoblin zombies (Ossuary)
  2 jackal zombies (Ossuary)
  9 kobold zombies (Ossuary)
  8 orc zombies (Ossuary)
  8 rats
  2 rat zombies (Ossuary)
245 creatures vanquished.

Vanquished Creatures (collateral kills)
  6 foxfires (D:2)
6 creatures vanquished.

Vanquished Creatures (others)
  Maggie (D:8)
  658 foxfires
  41 plants
700 creatures vanquished.

Grand Total: 951 creatures vanquished

Notes
Turn   | Place    | Note
-------+----------+-------------------------------------------
     0 | D:1      | Conn the Octopode Fire Elementalist began the quest for the
                  | Orb.
     0 | D:1      | Reached XP level 1. HP: 11/11 MP: 3/3
   184 | D:1      | Reached XP level 2. HP: 16/17 MP: 1/5
   847 | D:1      | Reached XP level 3. HP: 20/21 MP: 6/6
  1516 | D:2      | Reached XP level 4. HP: 27/27 MP: 2/7
  2426 | D:2      | Reached XP level 5. HP: 32/32 MP: 4/9
  2477 | D:2      | Noticed Robin
  2549 | D:2      | Killed Robin
  3176 | D:3      | Reached skill level 1 in Short Blades
  3877 | D:4      | Reached XP level 6. HP: 37/37 MP: 3/10
  4062 | D:4      | Reached skill level 1 in Fighting
  4302 | D:4      | Reached XP level 7. HP: 40/43 MP: 12/12
  4654 | D:4      | Learned a level 3 spell: Conjure Flame
  4658 | D:4      | Learned a level 3 spell: Inner Flame
  4663 | D:4      | Learned a level 4 spell: Flame Wave
  4666 | D:4      | Learned a level 2 spell: Scorch
  4802 | D:4      | Noticed Menkaure
  4811 | D:4      | Killed Menkaure
  4946 | D:5      | Entered Level 5 of the Dungeon
  4946 | D:5      | Noticed Pikel
  4960 | D:5      | Found Wureapor's Jewellery Boutique.
  5105 | D:5      | Killed Pikel
  5106 | D:5      | Reached skill level 5 in Stealth
  5106 | D:5      | Reached skill level 5 in Fire Magic
  5106 | D:5      | Reached XP level 8. HP: 31/48 MP: 7/14
  5123 | D:5      | Noticed Edmund
  5378 | D:5      | Found a sand-covered staircase.
  5386 | Ossuary  | Entered an ossuary
  5985 | Ossuary  | Reached skill level 5 in Spellcasting
  6228 | D:5      | Killed Edmund
  6229 | D:5      | Reached XP level 9. HP: 32/54 MP: 8/16
  6590 | D:5      | Found a runed translucent door.
  6591 | D:5      | Noticed Crazy Yiuf
  6606 | D:5      | Killed Crazy Yiuf
  6749 | D:5      | Reached skill level 1 in Hexes
  7120 | D:5      | Learned a level 2 spell: Blink
  7124 | D:5      | Learned a level 3 spell: Summon Guardian Golem
  7164 | D:6      | Reached skill level 1 in Translocations
  7414 | D:6      | Found Kesuzad's Armour Shoppe.
  7415 | D:6      | Found Kodumpip's Armour Shoppe.
  7416 | D:6      | Found Koim Lank's Weapon Shoppe.
  7416 | D:6      | Found Xesit's Jewellery Shoppe.
  7464 | D:6      | Reached skill level 1 in Summonings
  7772 | D:6      | Found a staircase to the Ecumenical Temple.
  7781 | Temple   | Entered the Ecumenical Temple
  8060 | D:6      | Found Letul's Hydra Hut.
  8067 | D:6      | Noticed a five-headed hydra
  8192 | D:6      | Found Iveebia's Weapon Shoppe.
  8400 | D:7      | Reached skill level 5 in Conjurations
  8400 | D:7      | Reached XP level 10. HP: 37/60 MP: 1/19
  9102 | D:7      | Found Migyemn's Jewellery Shoppe.
  9333 | D:8      | Noticed Prince Ribbit
  9336 | D:8      | Killed Prince Ribbit
  9825 | D:8      | Noticed Psyche
 10183 | D:8      | Killed Psyche
 10501 | D:8      | Noticed Maggie
 10510 | D:8      | Paralysed by Maggie for 3 turns
 10519 | D:8      | Killed Maggie
 11466 | D:9      | Reached XP level 11. HP: 66/66 MP: 20/22
 11488 | D:9      | Noticed a deep elf pyromancer
 11497 | D:9      | Noticed an eight-headed hydra
 11497 | D:9      | Noticed a rakshasa
 11499 | D:9      | Slain by a vampire

Illustrated notes

Levels and vault maps discovered:
D:1:      eino_arrival_druids_welcome, layout_loops_ring, minmay_statues_item
D:2:      layout_loops_ring, serial_bayou, serial_bayou_ford_a,
          serial_bayou_pond_b, serial_bayou_pond_d, serial_bayou_lagoon_a,
          uniq_robin
D:3:      layout_loops_cross
D:4:      layout_basic, uniq_menkaure
D:5:      layout_loops_ring, enter_ossuary_4, serial_shops, shop, uniq_edmund,
          uniq_pikel, uniq_crazy_yiuf_cottage
D:6:      layout_loops_cross, temple_hall, serial_shops, shop, st_stairs_4,
          minmay_shop_grid_forest, doesnt_shop_hydraphobe
D:7:      layout_rooms, serial_shops, nicolae_shop_behind_doors,
          grunt_ministairs_11
D:8:      layout_loops_ring, uniq_psyche, uniq_maggie, uniq_prince_ribbit1
D:9:      layout_basic, mainiacjoe_overflow_alcove_3, minmay_the_grid_2x2
          [minmay_the_grid_stretched_grid, minmay_the_grid_garden,
          minmay_the_grid_spikes, minmay_the_grid_prize_trominoes]
Temple:   minmay_crystal_spiral_temple

Skill      XL: |  1  2  3  4  5  6  7  8  9 10 |
---------------+-------------------------------+-----
Stealth        | 3 4 5 6 7 |  7.6
Fire Magic     | 4 5 6 7 |  7.8
Short Blades   | 1 2 3 4 |  4.8
Conjurations   | 2 3 4 5 |  5.7
Spellcasting   | 3 4 5 6 7 |  7.4
Fighting       | 1 2 |  2.7
Dodging        | 3 4 |  4.6
Hexes          | 1 |  1.9
Translocations | 3 4 |  4.7
Summonings     | 2 4 |  4.1

Action                   |  1- 3 |  4- 6 |  7- 9 | 10-12 || total
-------------------------+-------+-------+-------+-------++-------
Melee: Short sword       |    42 |    60 |   102 |    28 ||   232
       Constrict         |    10 |    15 |    25 |     8 ||    58
       Tentacles         |     4 |     8 |    17 |     2 ||    31
       Dagger            |       |       |       |     7 ||     7
 Cast: Foxfire           |    29 |    97 |   248 |    23 ||   397
       Scorch            |       |       |    10 |     7 ||    17
       Inner Flame       |       |       |    11 |     2 ||    13
       Flame Wave        |       |       |    10 |    16 ||    26
       Conjure Flame     |       |       |     1 |     1 ||     2
       Summon Guardian G |       |       |       |     6 ||     6
       Blink             |       |       |       |     3 ||     3
  Use: Scroll            |       |       |     6 |     1 ||     7
       Potion            |       |       |       |     2 ||     2
 Stab: Sleeping          |     4 |     5 |    11 |    13 ||    33
Armor: Skin              |     2 |     1 |    13 |     1 ||    17
Dodge: Dodged            |    45 |    42 |   161 |    48 ||   296

Table legend: (Time is in decaauts)
 A = Elapsed time spent in this place.
 B = Non-inter-level travel time spent in this place.
 C = Inter-level travel time spent in this place.
 D = Time resting spent in this place.
 E = Time spent auto-exploring this place.
 F = Levels seen in this place.
 G = Mean time per level.
                   A        B        C        D        E       F      G
               +--------+--------+--------+--------+--------+-----+--------+
         Total |  11501 |  11198 |    303 |    707 |   7602 |  11 | 1045.5 |
       Dungeon |  10650 |  10426 |    224 |    707 |   7101 |   9 | 1183.3 |
        Temple |    207 |    128 |     79 |      0 |     96 |   1 |  207.0 |
       Ossuary |    642 |    642 |      0 |      0 |    405 |   1 |  642.0 |
               +--------+--------+--------+--------+--------+-----+--------+

Top non-repeatable levels by time:
     D:2: 1568 daAuts
     D:1: 1434 daAuts
     D:5: 1412 daAuts
     D:4: 1326 daAuts
     D:6: 1236 daAuts
     D:8: 1097 daAuts
     D:7: 951 daAuts
     D:9: 857 daAuts
     D:3: 765 daAuts
 Ossuary: 642 daAuts
  Temple: 207 daAuts
